[ PARTIDA AOE2 · #479212080 ]
1v1 RMEtíopes vs Lithuanians
Equipo del jugador · DERR
Equipo rival · VICT
[ ANÁLISIS DE REPETICIÓN · EXTRAÍDO DE LA PARTIDA GRABADA ]
Feudal
10:15
Castillos
22:03
Imperial
42:02
| APM promedio | 17.4 |
| APM pico | 33 |
| eAPM promedio | 12.1 |
| Aldeanos / militares | 104 / 356 |
Foco
⚔️ 34.8% · 🌾 65.2%
Spearman ×226 · Shotel Warrior ×62 · Cavalry Archer ×34 · Camel Scout ×29 · Trebuchet (Packed) ×5
Feudal
10:48
Castillos
20:59
Imperial
42:58
| APM promedio | 44.3 |
| APM pico | 113 |
| eAPM promedio | 21.9 |
| Aldeanos / militares | 122 / 257 |
Foco
⚔️ 43.4% · 🌾 56.6%
Leitis ×121 · Skirmisher ×101 · Spearman ×13 · Trebuchet (Packed) ×11 · Scout Cavalry ×5 · Knight ×4
Mapa de la partida
Recursos iniciales + cada clic de construcción. Líneas = muros · curvas = relieve. ◆ oro · ⬟ piedra · ● bayas · ✦ reliquia · ◌ hueco del cierre
Tu base· Abierta — flanco sin cerrar
Base de kiolen7· Abierta — hueco de 6t
Terreno inicial suavizado · ◌ = hueco del cierre detectado · pasá el cursor para detalles
Inputs por minuto
— mtv - - kiolen7
Build order — mtv
Primeras 150 de 331 acciones detectadas
| 0:01 | Crear | Villager (Male) |
| 0:02 | Crear | Villager (Male) |
| 0:02 | Crear | Villager (Male) |
| 0:03 | Construir | House |
| 0:06 | Construir | House |
| 0:13 | Crear | Villager (Male) |
| 0:14 | Crear | Villager (Male) |
| 1:33 | Crear | Villager (Male) |
| 1:58 | Construir | Lumber Camp |
| 2:07 | Crear | Villager (Male) |
| 2:08 | Crear | Villager (Male) |
| 2:25 | Crear | Villager (Male) |
| 2:26 | Crear | Villager (Male) |
| 2:26 | Crear | Villager (Male) |
| 2:56 | Crear | Villager (Male) |
| 3:34 | Construir | House |
| 3:51 | Crear | Villager (Male) |
| 3:52 | Crear | Villager (Male) |
| 4:21 | Construir | Mill |
| 5:10 | Crear | Villager (Male) |
| 5:11 | Crear | Villager (Male) |
| 5:11 | Crear | Villager (Male) |
| 6:16 | Crear | Villager (Male) |
| 6:38 | Crear | Villager (Male) |
| 6:56 | Investigar | Loom |
| 7:18 | Crear | Villager (Male) |
| 7:30 | Crear | Villager (Male) |
| 7:58 | Investigar | Feudal Age |
| 8:27 | Construir | House |
| 8:32 | Construir | House |
| 8:40 | Construir | Barracks |
| 8:50 | Crear | Villager (Male) |
| 8:50 | Crear | Villager (Male) |
| 9:07 | Construir | Lumber Camp |
| 10:15 | Construir | Mining Camp |
| 10:15 | Edad | Edad Feudal |
| 10:29 | Investigar | Wheelbarrow |
| 10:43 | Construir | House |
| 11:15 | Construir | Archery Range |
| 11:18 | Crear | Villager (Male) |
| 11:20 | Crear | Villager (Male) |
| 11:22 | Investigar | Double-Bit Axe |
| 11:46 | Construir | Farm |
| 11:52 | Construir | Farm |
| 12:12 | Construir | Farm |
| 12:20 | Construir | Farm |
| 12:28 | Construir | Farm |
| 12:31 | Crear | Villager (Male) |
| 12:44 | Construir | Farm |
| 12:47 | Crear | Villager (Male) |
| 13:00 | Construir | Farm |
| 13:01 | Construir | Farm |
| 13:22 | Construir | Farm |
| 13:43 | Construir | Farm |
| 13:48 | Crear | Villager (Male) |
| 13:54 | Investigar | Horse Collar |
| 14:08 | Construir | Farm |
| 14:11 | Crear | Villager (Male) |
| 14:34 | Construir | Farm |
| 14:41 | Crear | Villager (Male) |
| 15:02 | Construir | Farm |
| 15:21 | Construir | Palisade Wall |
| 15:22 | Construir | Palisade Wall |
| 15:30 | Crear | Spearman |
| 15:30 | Crear | Spearman |
| 16:00 | Crear | Spearman |
| 16:04 | Crear | Villager (Male) |
| 16:05 | Crear | Villager (Male) |
| 16:51 | Crear | Spearman |
| 16:51 | Crear | Spearman |
| 16:52 | Crear | Spearman |
| 17:03 | Crear | Villager (Male) |
| 17:03 | Crear | Villager (Male) |
| 17:04 | Crear | Villager (Male) |
| 17:04 | Crear | Villager (Male) |
| 17:43 | Construir | House |
| 17:44 | Construir | House |
| 17:46 | Construir | House |
| 17:47 | Construir | House |
| 18:36 | Construir | Blacksmith |
| 18:58 | Crear | Villager (Male) |
| 18:58 | Crear | Villager (Male) |
| 19:16 | Investigar | Castle Age |
| 19:28 | Construir | Archery Range |
| 19:36 | Crear | Spearman |
| 19:36 | Crear | Spearman |
| 19:37 | Crear | Spearman |
| 19:53 | Investigar | Fletching |
| 19:54 | Investigar | Padded Archer Armor |
| 20:03 | Construir | House |
| 20:04 | Construir | House |
| 20:06 | Construir | House |
| 20:50 | Crear | Villager (Male) |
| 20:56 | Crear | Villager (Male) |
| 22:03 | Edad | Edad de los Castillos |
| 22:23 | Investigar | Thumb Ring |
| 22:26 | Investigar | Bodkin Arrow |
| 22:35 | Construir | Town Center |
| 22:43 | Crear | Villager (Male) |
| 22:44 | Crear | Villager (Male) |
| 23:01 | Crear | Cavalry Archer ×4 |
| 23:13 | Crear | Spearman |
| 23:14 | Crear | Spearman |
| 23:14 | Crear | Spearman |
| 23:24 | Crear | Spearman |
| 23:33 | Crear | Cavalry Archer |
| 24:17 | Crear | Cavalry Archer ×2 |
| 24:29 | Crear | Villager (Male) |
| 24:29 | Crear | Villager (Male) |
| 24:30 | Crear | Villager (Male) |
| 24:34 | Crear | Villager (Male) |
| 24:35 | Crear | Villager (Male) |
| 24:36 | Crear | Villager (Male) |
| 24:36 | Crear | Villager (Male) |
| 24:37 | Crear | Villager (Male) |
| 24:40 | Crear | Cavalry Archer |
| 24:57 | Construir | House |
| 24:58 | Construir | House |
| 25:00 | Construir | House |
| 25:01 | Construir | House |
| 25:07 | Construir | House |
| 25:08 | Construir | House |
| 25:09 | Construir | House |
| 25:10 | Construir | House |
| 25:15 | Crear | Villager (Male) |
| 25:18 | Crear | Cavalry Archer ×2 |
| 25:19 | Crear | Cavalry Archer ×2 |
| 25:48 | Crear | Villager (Male) |
| 25:48 | Crear | Villager (Male) |
| 25:49 | Crear | Villager (Male) |
| 25:49 | Crear | Villager (Male) |
| 26:02 | Construir | Stable |
| 26:12 | Crear | Villager (Male) |
| 26:12 | Crear | Villager (Male) |
| 26:22 | Investigar | Bow Saw |
| 26:30 | Crear | Cavalry Archer ×2 |
| 26:30 | Crear | Cavalry Archer ×2 |
| 27:01 | Crear | Cavalry Archer ×2 |
| 27:02 | Crear | Villager (Male) |
| 27:02 | Crear | Villager (Male) |
| 27:24 | Investigar | Husbandry |
| 27:28 | Investigar | Scale Barding Armor |
| 27:29 | Crear | Villager (Male) |
| 27:29 | Crear | Villager (Male) |
| 27:30 | Crear | Villager (Male) |
| 27:30 | Crear | Villager (Male) |
| 28:19 | Construir | Town Center |
| 28:30 | Construir | Lumber Camp |
| 28:38 | Crear | Villager (Male) |
| 28:38 | Crear | Villager (Male) |
Build order — kiolen7
Primeras 150 de 536 acciones detectadas
| 0:02 | Crear | Villager (Male) |
| 0:02 | Crear | Villager (Male) |
| 0:02 | Crear | Villager (Male) |
| 0:02 | Crear | Villager (Male) |
| 0:02 | Crear | Villager (Male) |
| 0:02 | Crear | Villager (Male) |
| 0:05 | Construir | House |
| 0:09 | Construir | House |
| 1:34 | Crear | Villager (Male) |
| 2:02 | Construir | Lumber Camp |
| 2:30 | Crear | Villager (Male) |
| 2:35 | Crear | Villager (Male) |
| 3:08 | Investigar | Loom |
| 3:22 | Crear | Villager (Male) |
| 3:22 | Crear | Villager (Male) |
| 3:22 | Crear | Villager (Male) |
| 3:57 | Crear | Villager (Male) |
| 3:57 | Crear | Villager (Male) |
| 4:29 | Construir | House |
| 4:30 | Construir | House |
| 4:49 | Construir | Mill |
| 6:08 | Crear | Villager (Male) |
| 6:08 | Crear | Villager (Male) |
| 6:09 | Crear | Villager (Male) |
| 6:09 | Crear | Villager (Male) |
| 6:09 | Crear | Villager (Male) |
| 6:09 | Crear | Villager (Male) |
| 7:04 | Construir | Farm |
| 7:29 | Construir | Farm |
| 8:04 | Construir | Farm |
| 8:11 | Investigar | Feudal Age |
| 8:55 | Construir | Farm |
| 8:59 | Construir | Barracks |
| 9:39 | Construir | House |
| 10:48 | Edad | Edad Feudal |
| 10:54 | Construir | Stable |
| 10:57 | Construir | House |
| 11:00 | Investigar | Double-Bit Axe |
| 11:01 | Crear | Villager (Male) |
| 11:01 | Crear | Villager (Male) |
| 11:02 | Crear | Villager (Male) |
| 11:50 | Crear | Scout Cavalry |
| 11:50 | Crear | Scout Cavalry |
| 11:51 | Crear | Scout Cavalry |
| 11:51 | Crear | Scout Cavalry |
| 11:51 | Crear | Scout Cavalry |
| 11:57 | Crear | Villager (Male) |
| 11:58 | Crear | Villager (Male) |
| 12:01 | Construir | Farm |
| 12:02 | Construir | Farm |
| 12:21 | Construir | House |
| 12:23 | Construir | House |
| 13:27 | Construir | Archery Range |
| 13:29 | Crear | Villager (Male) |
| 13:29 | Crear | Villager (Male) |
| 13:30 | Crear | Villager (Male) |
| 13:30 | Crear | Villager (Male) |
| 13:33 | Construir | Farm |
| 13:45 | Construir | Farm |
| 13:46 | Construir | Farm |
| 13:47 | Construir | Farm |
| 13:49 | Construir | Farm |
| 13:50 | Construir | Farm |
| 13:51 | Construir | Farm |
| 13:55 | Investigar | Horse Collar |
| 14:01 | Construir | House |
| 14:01 | Construir | House |
| 14:02 | Construir | House |
| 14:41 | Construir | Farm |
| 14:53 | Construir | Mining Camp |
| 16:09 | Construir | Blacksmith |
| 16:14 | Crear | Villager (Male) |
| 16:14 | Crear | Villager (Male) |
| 16:18 | Investigar | Wheelbarrow |
| 16:58 | Construir | Mining Camp |
| 17:06 | Construir | House |
| 17:07 | Construir | House |
| 17:09 | Construir | House |
| 17:09 | Construir | House |
| 17:15 | Construir | House |
| 18:18 | Investigar | Castle Age |
| 18:33 | Construir | Market |
| 19:10 | Construir | Farm |
| 19:45 | Construir | House |
| 19:47 | Construir | House |
| 20:46 | Crear | Skirmisher |
| 20:46 | Crear | Skirmisher |
| 20:59 | Edad | Edad de los Castillos |
| 21:05 | Construir | Town Center |
| 21:11 | Crear | Villager (Male) |
| 21:12 | Crear | Villager (Male) |
| 21:12 | Crear | Villager (Male) |
| 22:12 | Investigar | Bloodlines |
| 22:17 | Investigar | Husbandry |
| 22:30 | Construir | Town Center |
| 22:37 | Crear | Villager (Male) |
| 22:37 | Crear | Villager (Male) |
| 22:37 | Crear | Villager (Male) |
| 22:38 | Crear | Villager (Male) |
| 22:57 | Investigar | Town Watch |
| 23:17 | Investigar | Scale Barding Armor |
| 23:25 | Crear | Skirmisher |
| 23:25 | Crear | Skirmisher |
| 23:26 | Crear | Skirmisher |
| 23:38 | Construir | Monastery |
| 24:04 | Crear | Villager (Male) |
| 24:04 | Crear | Villager (Male) |
| 24:04 | Crear | Villager (Male) |
| 24:04 | Crear | Villager (Male) |
| 24:04 | Crear | Villager (Male) |
| 24:13 | Investigar | Padded Archer Armor |
| 24:20 | Investigar | Elite Skirmisher (upgrade) |
| 24:32 | Construir | Farm |
| 24:35 | Crear | Monk |
| 24:36 | Crear | Monk |
| 24:48 | Investigar | Gold Mining |
| 24:58 | Crear | Skirmisher |
| 24:58 | Crear | Skirmisher |
| 24:59 | Crear | Skirmisher |
| 25:35 | Construir | Castle |
| 25:52 | Investigar | Light Cavalry (upgrade) |
| 25:59 | Crear | Villager (Male) |
| 25:59 | Crear | Villager (Male) |
| 25:59 | Crear | Villager (Male) |
| 26:01 | Crear | Skirmisher |
| 26:02 | Crear | Skirmisher |
| 26:02 | Crear | Skirmisher |
| 26:03 | Crear | Skirmisher |
| 26:03 | Crear | Skirmisher |
| 26:25 | Investigar | Thumb Ring |
| 26:34 | Crear | Villager (Male) |
| 26:34 | Crear | Villager (Male) |
| 26:34 | Crear | Villager (Male) |
| 26:35 | Crear | Villager (Male) |
| 26:35 | Crear | Villager (Male) |
| 26:35 | Crear | Villager (Male) |
| 26:35 | Crear | Villager (Male) |
| 26:35 | Crear | Villager (Male) |
| 27:05 | Investigar | Stone Mining |
| 27:08 | Crear | Villager (Male) |
| 27:08 | Crear | Villager (Male) |
| 27:24 | Crear | Leitis |
| 27:25 | Crear | Leitis |
| 27:38 | Crear | Leitis |
| 27:38 | Crear | Leitis |
| 27:38 | Crear | Leitis |
| 27:53 | Crear | Leitis |
| 27:56 | Crear | Villager (Male) |
| 27:56 | Crear | Villager (Male) |
| 28:07 | Construir | Farm |
Cronología de la partida
| 8:40 | mtv · first_building Barracks |
| 8:59 | kiolen7 · first_building Barracks |
| 10:15 | mtv · age_up feudal |
| 10:48 | kiolen7 · age_up feudal |
| 10:54 | kiolen7 · first_building Stable |
| 11:15 | mtv · first_building Archery Range |
| 13:27 | kiolen7 · first_building Archery Range |
| 15:21 | mtv · wall_segment Palisade Wall x1 |
| 15:22 | mtv · wall_segment Palisade Wall x1 |
| 20:59 | kiolen7 · age_up castle |
| 22:03 | mtv · age_up castle |
| 23:38 | kiolen7 · first_building Monastery |
| 25:10 | kiolen7 · first_market_sell 100 food |
| 25:12 | kiolen7 · first_market_buy 100 stone |
| 25:35 | kiolen7 · first_building Castle |
| 26:02 | mtv · first_building Stable |
| 35:37 | mtv · first_building Castle |
| 38:50 | mtv · first_market_buy 100 food |
| 42:02 | mtv · age_up imperial |
| 42:58 | kiolen7 · age_up imperial |
| 43:51 | mtv · first_building Siege Workshop |
| 58:18 | mtv · resign |
[ ANÁLISIS IA · 1 CRÉDITO ]
¿Qué pasó realmente en esta partida?
Wolo.gg analiza cada decisión: build order, eco, micro, errores típicos por bracket. Análisis personalizado por WhatsApp o Discord en 30 segundos.
Guía civ
Etíopes
Guía mapa
Arabia
Perfil
Jugador #5138424